AoeStats
← old f1sh

Black Forest

509327687Analyzed
4v4 RM · 6d ago on Sep 26, 2026· 45m 51s· 8 players
Game mode
Random Map
Map size
Large (8 player)
Population
200
Speed
Normal
Resources
Standard
Victory
Conquest
Starting age
Dark Age
Ending age
Imperial Age
RankedLock teamsTeams togetherTeam positionsShared explorationLock speedFull tech treeHidden civsTurbo modeCheats
Victory
Defeat
🇨🇳 Saxons · China
1554
+14
🇨🇳 Malay · China
1546
+14
🇹🇷 Berbers · Türkiye
1532
+15
🇺🇸 Persians · United States
1529
+15
🇨🇳 Armenians · China
1598
-18
🇮🇳 Bengalis · India
1491
-14
🇨🇳 Danes · China
1470
-13
1469
-13
old f1sh
2:58 Loom
9:28 Feudal Age
9:31 Man-at-Arms
10:04 Double-Bit Axe
29:51 Castle Age
29:04 Horse Collar
30:51 Gold Mining
RyuZaKi
8:17 Loom
11:54 Feudal Age
15:25 Castle Age
13:52 Double-Bit Axe
13:50 Fishing Lines
18:33 Bow Saw
18:09 Horse Collar
24:02 Heavy Plow
23:52 Gold Mining
24:04 Gillnets
25:28 Wheelbarrow
29:23 Imperial Age
27:44 Sanctity
27:33 Scale Barding Armor
27:44 Forging
28:23 Gold Shaft Mining
27:38 Stone Mining
28:34 Husbandry
28:44 Bloodlines
28:56 Chain Barding Armor
29:42 Iron Casting
29:34 Hand Cart
29:05 Town Watch
30:09 Fervor
29:30 Elite Battle Elephant
30:47 Plate Barding Armor
31:45 Illumination
31:36 Block Printing
32:40 Blast Furnace
35:36 Siege Elephant
42:12 Theocracy
V我50%匡扶汉室
1:41 Loom
12:23 Feudal Age
13:39 Fishing Lines
14:48 Double-Bit Axe
14:47 Horse Collar
15:09 Gillnets
22:09 Castle Age
20:25 Gold Mining
26:42 Imperial Age
25:31 Redemption
26:04 Guilds
28:25 Chemistry
28:17 Gold Shaft Mining
29:25 Padded Archer Armor
30:27 Bow Saw
38:33 Conscription
38:36 Leather Archer Armor
39:13 Stone Mining
涅槃重生
0:29 Loom
13:50 Feudal Age
17:44 Castle Age
16:07 Double-Bit Axe
16:14 Stone Mining
16:56 Horse Collar
25:10 Fletching
25:22 Scale Mail Armor
26:24 Forging
29:44 Chain Mail Armor
34:28 Wheelbarrow
37:02 Imperial Age
36:05 Iron Casting
37:23 Town Watch
38:52 Conscription
38:48 Bow Saw
40:27 Plate Mail Armor
40:03 Gold Mining
42:26 Blast Furnace
42:05 Gambesons
42:21 Squires
42:06 Arson
43:50 Heavy Plow
Lastmantillidie
11:44 Feudal Age
12:36 Double-Bit Axe
15:27 Castle Age
13:40 Fishing Lines
16:12 Bow Saw
17:12 Gillnets
19:50 Horse Collar
21:24 Wheelbarrow
21:41 Stone Mining
22:16 Fervor
23:08 Gold Mining
23:51 Hand Cart
25:21 Gold Shaft Mining
28:42 Imperial Age
26:52 Scale Barding Armor
26:57 Forging
28:25 Chain Barding Armor
28:13 Heavy Plow
28:05 Loom
28:59 Stone Shaft Mining
29:32 Iron Casting
29:08 Bloodlines
28:59 Husbandry
29:36 Crop Rotation
30:09 Two-Man Saw
29:54 Guilds
29:46 Scale Mail Armor
30:21 Plate Barding Armor
29:59 Caravan
30:24 Conscription
30:10 Elite War Elephant
33:26 Blast Furnace
33:42 Devotion
34:18 Theocracy
34:38 Ballistics
35:59 Fletching
38:06 Bodkin Arrow
40:04 Chemistry
39:14 Masonry
42:12 Hoardings
44:33 Town Watch
DeepSleep
5:11 Loom
13:23 Feudal Age
16:22 Castle Age
15:01 Horse Collar
15:07 Double-Bit Axe
18:50 Forging
21:01 Scale Barding Armor
22:37 Gold Mining
28:58 Gold Shaft Mining
33:50 Imperial Age
32:19 Iron Casting
32:09 Bow Saw
33:09 Devotion
38:12 Husbandry
39:33 Chemistry
40:54 Elite Battle Elephant
Monk
0:39 Loom
13:02 Feudal Age
14:11 Double-Bit Axe
17:53 Castle Age
15:57 Horse Collar
16:33 Stone Mining
17:19 Fishing Lines
18:33 Wheelbarrow
19:49 Wheelbarrow
20:08 Wheelbarrow
20:34 Gillnets
20:51 Fletching
23:30 Bodkin Arrow
29:29 Heavy Plow
29:57 Bow Saw
32:18 Padded Archer Armor
35:47 Hand Cart
39:06 Careening
39:09 Masonry
42:16 Town Watch
42:56 Leather Archer Armor
43:06 Ballistics
47:58 Imperial Age
张横
6:28 Loom
8:46 Feudal Age
10:14 Double-Bit Axe
12:44 Fletching
16:15 Wheelbarrow
18:59 Padded Archer Armor
18:40 Horse Collar
22:44 Gold Mining
25:25 Castle Age
25:56 Crossbowman
27:14 Gold Shaft Mining
28:06 Bodkin Arrow
28:14 Heavy Plow
28:50 Thumb Ring
29:49 Bow Saw
31:46 Leather Archer Armor
31:52 Ballistics
31:38 Stone Mining
35:40 Hand Cart
35:11 Town Watch
35:41 Hand Cart
35:11 Town Watch
39:14 Imperial Age
39:17 Arbalester
39:59 Bracer
40:07 Arbalester
40:33 Onager
Connection lost

Rejoining the realm…

Still unreachable

The connection could not be restored.

Session expired

The server has moved on; the page needs a fresh start.